 Dungeon Crawl Stone Soup version 0.28.0-53-g5a82cb258f (webtiles) character file.

Game seed: 11351941661639680978

24171 Bruhh the Summoner (level 13, -5/137 HPs)
             Began as an Ogre Earth Elementalist on May 24, 2022.
             Was a Priest of Vehumet.
             Slain by a bog body (25 damage)
             ... on level 3 of the Lair of Beasts.
             The game lasted 00:29:43 (18816 turns).

Bruhh the Summoner (Ogre Earth Elementalist)       Turns: 18816, Time: 00:29:44

Health: -5/137     AC:  9    Str: 19    XL:     13   Next: 11%
Magic:  26/38      EV: 10    Int: 33    God:    Vehumet [***...]
Gold:   1048       SH:  0    Dex: 17    Spells: 24/36 levels left

rFire   . . .      SeeInvis .   q - +12 quarterstaff "Embalmer" {elec, rCorr Int+3}
rCold   . . .      Faith    +   (shield currently unavailable)
rNeg    . . .      Spirit   .   G - +4 robe of Augmentation {Str+4 Int+4 Dex+4}
rPois   .          Reflect  .   (helmet restricted)
rElec   +          Harm     .   R - +1 cloak
rCorr   +          Rampage  .   (gloves unavailable)
Will    +....                   (boots unavailable)
Stlth   ++........              I - amulet of faith
HPRegen 0.32/turn               S - ring of Existentialism {rElec Int+6 Dex+4}
MPRegen 0.26/turn               g - ring of magical power

@: marked, slowed, very slow
A: large, unfitting armour, tough skin 1
a: Renounce Religion


You were on level 3 of the Lair of Beasts.
You worshipped Vehumet.
Vehumet was most pleased with you.
You visited 3 branches of the dungeon, and saw 14 of its levels.
You also visited: Sewer and Ossuary.

You collected 1048 gold pieces.

Inventory:

Hand Weapons
 h - a +0 spear of protection
 q - the +12 quarterstaff "Embalmer" (weapon) {elec, rCorr Int+3}
   (You took it off an orc wizard on level 8 of the Dungeon)

   It occasionally discharges a powerful burst of electricity upon striking a
   foe.
   Int:       It affects your intelligence (+3).
   rCorr:     It protects you from acid and corrosion.
 s - a +0 spear of venom
Missiles
 c - 211 stones
 p - 3 throwing nets
Armour
 b - a +1 robe
 B - the +6 swamp dragon scales of Cowardice {rPois SInv}
   (You acquired it on level 6 of the Dungeon)

   rPois:     It protects you from poison.
   SInv:      It lets you see invisible.
 E - a +0 troll leather armour
 G - the +4 robe of Augmentation (worn) {Str+4 Int+4 Dex+4}
   (You found it on level 9 of the Dungeon)

   Str:       It affects your strength (+4).
   Int:       It affects your intelligence (+4).
   Dex:       It affects your dexterity (+4).
 K - a +0 kite shield
 R - a +1 cloak (worn)
Magical Staves
 v - a staff of earth
Jewellery
 g - a ring of magical power (right hand)
 o - a ring of resist corrosion
 y - a ring of see invisible
 H - a +4 ring of evasion
 I - an amulet of faith (around neck)
 J - a ring of ice
 S - the ring of Existentialism (left hand) {rElec Int+6 Dex+4}
   (You found it on level 2 of the Lair of Beasts)

   [ring of intelligence]

   Int:       It affects your intelligence (+6).
   Dex:       It affects your dexterity (+4).
   rElec:     It insulates you from electricity.
 U - a ring of willpower
Wands
 i - a wand of iceblast (18)
 F - a wand of mindburst (22)
 P - a wand of flame (6)
 T - a wand of polymorph (3)
Scrolls
 e - 4 scrolls of immolation
 f - 2 scrolls of amnesia
 k - 7 scrolls of teleportation
 n - 3 scrolls of enchant armour
 r - 2 scrolls of fear
 A - a scroll of summoning
 L - 2 scrolls of identify
 M - a scroll of vulnerability {unknown}
 O - a scroll of fog
 V - a scroll of magic mapping {unknown}
Potions
 a - a potion of degeneration
 d - 3 potions of berserk rage
 j - 4 potions of curing
 l - a potion of invisibility {unknown}
 m - a potion of mutation {unknown}
 t - 2 potions of ambrosia {unknown}
 u - a potion of cancellation
 w - 2 potions of flight {unknown}
 x - 3 potions of might
 z - a potion of resistance {unknown}
 C - a potion of attraction {unknown}
 D - 2 potions of haste {unknown}
 N - a potion of lignification
 Q - 2 potions of magic {unknown}


   Skills:
 - Level 11.0 Fighting
 - Level 5.0 Armour
 - Level 1.7 Dodging
 - Level 1.4 Stealth
 - Level 12.0 Spellcasting
 - Level 5.0 Conjurations
 + Level 12.6 Summonings
 - Level 0.8 Transmutations
 - Level 6.0 Earth Magic


You had 24 spell levels left.
You knew the following spells:

 Your Spells              Type           Power      Damage    Failure   Level
a - Sandblast             Erth           100%       2d20      1%          1
b - Stone Arrow           Conj/Erth      100%       3d13      1%          3
c - Call Canine Familiar  Summ           80%        N/A       1%          3
d - Summon Guardian Gole  Hex/Summ       57%        N/A       1%          3
e - Blink                 Tloc           38%        N/A       3%          2

Your spell library contained the following spells:

 Spells                   Type           Power      Damage    Failure   Level
 Dazzling Flash           Conj/Hex       72%        N/A       1%          3
 Summon Small Mammal      Summ           100%       N/A       0%          1
 Magic Dart               Conj           100%       1d8       1%          1
 Passwall                 Tmut/Erth      35%        N/A       1%          2
 Searing Ray              Conj           100%       2d8       1%          2
 Frozen Ramparts          Ice            38%        1d5       1%          3
 Ignite Poison            Fire/Tmut/Pois 21%        N/A       1%          3
 Fulminant Prism          Conj/Hex       18%        3d11      2%          4
 Petrify                  Tmut/Erth      42%        N/A       5%          4
 Lesser Beckoning         Tloc           19%        N/A       7%          3
 Cause Fear               Hex            9%         N/A       22%         4
 Manifold Assault         Tloc           19%        N/A       54%         5
 Dragon Form              Tmut           12%        N/A       100%        7
 Dragon's Call            Summ           40%        N/A       100%        9


Dungeon Overview and Level Annotations

Branches:
Dungeon (10/15)            Temple (1/1) D:7            Lair (3/6) D:9
  Snake (0/4) Lair:2          Orc (0/2) D:9           Sewer (visited)
Ossuary (visited)
  Swamp: Lair:2-4    Shoals: Lair:2-4

Altars:
Ashenzari
Dithmenos
Elyvilon
Fedhas
Gozag
Hepliaklqana
Kikubaaqudgha
Makhleb
Nemelex Xobeh
Okawaru
Qazlal
Ru
Sif Muna
Trog
Uskayaw
Vehumet
Wu Jian
Xom
Yredelemnul
The Shining One

Annotations:
Lair:2 1 runed translucent door, glosham's ghost, journeyman DjCA


Innate Abilities, Weirdness & Mutations

You are too large for most types of armour.
You have tough skin. (AC +1)


Message History

c - 211 stones (gained 23)
A water moccasin comes into view.
A bog body comes into view.
There are monsters nearby!
A bog body comes into view.
The bog body gestures at you while chanting.
You feel yourself slow down.
You can't see any susceptible monsters within range! (Use Z to cast anyway.)
You can't see any susceptible monsters within range! (Use Z to cast anyway.)
You can't see any susceptible monsters within range! (Use Z to cast anyway.)
The stone arrow hits the bog body!!
The bog body is heavily damaged.
The bog body casts a spell at you.
You feel as though you will be slow longer.
The water moccasin bites you but does no damage.
The stone arrow hits the water moccasin!!
The water moccasin is almost dead.
The water moccasin bites you. The water moccasin barely misses you.
The stone arrow misses the water moccasin.
The bog body casts a spell at you.
You feel as though you will be slow longer.
The water moccasin closely misses you. The bog body closely misses you.
The water moccasin closely misses you. The bog body touches you!
The bog body freezes you!! The bog body casts a spell at you.
You feel as though you will be slow longer.
The stone arrow hits the water moccasin!!
You kill the water moccasin!
Vehumet accepts your kill.
Vehumet is now aiding your destructive spells.
You feel your power returning. The bog body barely misses you. x2
Unknown command.
The stone arrow hits the bog body!!
The bog body is almost destroyed.
The bog body touches you! The bog body freezes you!! The bog body touches you!
The bog body freezes you!!
* * * LOW HITPOINT WARNING * * *
The bog body touches you!
* * * LOW HITPOINT WARNING * * *
The bog body freezes you!!
You die...

##...# ......
###..#................
.##|.#......#........#
##....# ...##.......## #
##...### ##........#..
.....#.#####...........≈
......................≈§
.................†....≈♣
................@n....♣
.................n.....§
......P##.#####........§
......####.####....####P
..............#.....#
#.....#......#....###
.......#...........#
.......).....#.....#
......PP....†##...##


You could see 2 bog bodies.

Vanquished Creatures
  Snorg (D:10)
  3 boulder beetles
  A catoblepas (Lair:3)
  4 hydras
  3 death yaks
  A two-headed ogre (D:8)
  Erica (D:10)
  Sonja (Lair:2)
  A black mamba (Lair:2)
  A torpor snail (Lair:3)
  3 cane toads
  Maggie (Lair:2)
  3 komodo dragons
  A troll (D:7)
  7 blink frogs
  3 wyverns
  A wraith (D:9)
  28 yaks
  2 basilisks
  2 steam dragons (D:7)
  8 water moccasins
  Pargi (Sewer)
  A black bear (D:6)
  2 centaurs
  5 wolves (Lair:1)
  4 phantoms
  A kobold brigand (D:7)
  A gnoll sergeant (D:8)
  A scorpion (D:6)
  12 bullfrogs
  3 killer bees (D:9)
  4 centaur zombies
  A hound (D:7)
  A jelly (D:8)
  A centaur skeleton (D:7)
  4 gnoll shamans
  4 bullfrog skeletons
  3 orc priests
  An iguana (D:4)
  3 orc wizards
  A hound skeleton (D:4)
  8 mummies (Ossuary)
  4 howler monkey zombies
  22 gnolls
  5 adders
  A shadow imp (D:7)
  5 worms
  2 dart slugs
  17 orcs
  6 ball pythons
  5 bats
  3 endoplasms
  5 giant cockroaches
  A gnoll zombie (Ossuary)
  7 goblins
  6 hobgoblins
  3 jackals (D:2)
  5 quokkas
  5 frilled lizards
  2 hobgoblin zombies (Ossuary)
  6 kobolds
  3 kobold zombies (Ossuary)
  2 orc zombies (Ossuary)
  11 rats
  A butterfly (Lair:1)
265 creatures vanquished.

Vanquished Creatures (collateral kills)
  Harold (Lair:2)
  A death yak (Lair:3)
  A blink frog (Lair:2)
  2 yaks (Lair:3)
  An ice beast (D:6)
  A wolf (Lair:1)
7 creatures vanquished.

Vanquished Creatures (others)
  2 yaks (Lair:1)
  10 fungi
  6 plants
18 creatures vanquished.

Grand Total: 290 creatures vanquished

Notes
Turn   | Place    | Note
-------+----------+-------------------------------------------
     0 | D:1      | Bruhh the Ogre Earth Elementalist began the quest for the
                  | Orb.
     0 | D:1      | Reached XP level 1. HP: 16/16 MP: 3/3
   409 | D:1      | Reached XP level 2. HP: 18/24 MP: 3/5
   626 | D:1      | Found a faded altar of an unknown god.
  1883 | D:2      | Reached XP level 3. HP: 20/31 MP: 4/7
  3057 | D:2      | Reached XP level 4. HP: 39/39 MP: 3/9
  4281 | D:4      | Reached XP level 5. HP: 45/45 MP: 9/11
  4465 | D:4      | Found a shimmering blue altar of Sif Muna.
  4638 | D:4      | Noticed a phantom
  4646 | D:4      | Killed a phantom
  4647 | D:4      | Reached skill level 5 in Spellcasting
  4647 | D:4      | Reached XP level 6. HP: 36/53 MP: 4/13
  4651 | D:4      | Learned a level 3 spell: Stone Arrow
  5059 | D:4      | Reached skill level 1 in Conjurations
  5145 | D:4      | Reached skill level 5 in Earth Magic
  5425 | D:4      | Identified the +6 dagger "Jihulo" {vorpal, rCorr Str+4
                  | Int+4}
  5773 | D:5      | Entered Level 5 of the Dungeon
  6035 | D:5      | Reached XP level 7. HP: 34/59 MP: 12/14
  6240 | D:5      | Found an iron altar of Okawaru.
  6652 | D:5      | Found a burning altar of Makhleb.
  6694 | D:5      | Found an opulent altar of Gozag.
  7018 | D:6      | Found a glowing drain.
  7031 | Sewer    | Entered a sewer
  7160 | Sewer    | Noticed Pargi
  7164 | Sewer    | Killed Pargi
  7165 | Sewer    | Reached skill level 1 in Fighting
  7275 | D:6      | Identified 2 scrolls of acquirement
  7275 | D:6      | Acquired the +6 swamp dragon scales of Cowardice {rPois
                  | SInv}
  7281 | D:6      | Reached skill level 1 in Summonings
  7285 | D:6      | Acquired a ring of magical power
  7307 | D:6      | Reached XP level 8. HP: 49/72 MP: 14/16
  7581 | D:6      | Found a sand-covered staircase.
  7588 | Ossuary  | Entered an ossuary
  9021 | D:7      | Noticed a troll
  9024 | D:7      | Killed a troll
  9025 | D:7      | Reached skill level 5 in Fighting
  9025 | D:7      | Reached skill level 5 in Conjurations
  9025 | D:7      | Reached XP level 9. HP: 88/88 MP: 19/19
  9074 | D:7      | Identified the +0 pair of gloves "Siukha Ecsui" {-Cast
                  | Rampage +Blink Slay+5}
  9320 | D:7      | Found a staircase to the Ecumenical Temple.
  9342 | Temple   | Entered the Ecumenical Temple
  9432 | Temple   | Became a worshipper of Vehumet
  9922 | D:7      | Found a stormy altar of Qazlal.
 10179 | D:8      | Identified the +12 quarterstaff "Embalmer" {elec, rCorr
                  | Int+3}
 10339 | D:8      | Got the Collected Works on Freezing Contamination
 10406 | D:8      | Reached skill level 5 in Summonings
 10532 | D:8      | Reached XP level 10. HP: 58/98 MP: 22/22
 10656 | D:8      | Noticed a two-headed ogre
 10661 | D:8      | Killed a two-headed ogre
 10759 | D:8      | Noticed a boulder beetle
 11014 | D:9      | Reached skill level 10 in Spellcasting
 11161 | D:9      | Found the +4 robe of Augmentation {Str+4 Int+4 Dex+4}
 11430 | D:9      | Found a staircase to the Lair.
 11474 | D:9      | Found a staircase to the Orcish Mines.
 12058 | D:10     | Entered Level 10 of the Dungeon
 12118 | D:10     | Found a hide-covered altar of Uskayaw.
 12119 | D:10     | Found a bloodstained altar of Trog.
 12125 | D:10     | Found a broken altar of Ashenzari.
 12125 | D:10     | Found a glowing golden altar of the Shining One.
 12127 | D:10     | Found a blossoming altar of Fedhas.
 12128 | D:10     | Found an ancient bone altar of Kikubaaqudgha.
 12276 | D:10     | Reached * piety under Vehumet
 12276 | D:10     | Offered knowledge of Foxfire by Vehumet.
 12486 | D:10     | Noticed a boulder beetle
 12493 | D:10     | Noticed Erica
 12502 | D:10     | Killed Erica
 12503 | D:10     | Reached XP level 11. HP: 90/105 MP: 11/26
 12514 | D:10     | Noticed Snorg
 12534 | D:10     | Killed Snorg
 12935 | D:10     | Found a sparkling altar of Nemelex Xobeh.
 12978 | D:10     | Killed a boulder beetle
 13233 | D:9      | Learned a level 3 spell: Call Canine Familiar
 13237 | D:9      | Learned a level 3 spell: Summon Guardian Golem
 13240 | D:9      | Learned a level 2 spell: Blink
 13286 | Lair:1   | Entered Level 1 of the Lair of Beasts
 14224 | Lair:1   | Noticed a four-headed hydra
 14229 | Lair:1   | Killed a four-headed hydra
 14285 | Lair:1   | Reached skill level 10 in Summonings
 14396 | Lair:1   | Reached ** piety under Vehumet
 14396 | Lair:1   | Offered knowledge of Searing Ray by Vehumet.
 15104 | Lair:2   | Reached XP level 12. HP: 119/124 MP: 25/28
 15178 | Lair:2   | Noticed a boulder beetle
 15192 | Lair:2   | Killed a boulder beetle
 15193 | Lair:2   | Reached skill level 10 in Fighting
 15336 | Lair:2   | Found a runed translucent door.
 15336 | Lair:2   | Found a shimmering altar of Xom.
 15336 | Lair:2   | Noticed glosham's ghost (journeyman DjCA)
 15337 | Lair:2   | Noticed a +1 rapier of chaos
 15344 | Lair:2   | Noticed Sonja
 15356 | Lair:2   | Killed Sonja
 15427 | Lair:2   | Noticed Harold
 15436 | Lair:2   | Killed Harold
 15809 | Lair:2   | Noticed Maggie
 15817 | Lair:2   | Killed Maggie
 15938 | Lair:2   | Found a staircase to the Snake Pit.
 16170 | Lair:2   | Noticed a boulder beetle
 16191 | Lair:2   | Killed a boulder beetle
 16192 | Lair:2   | Reached skill level 1 in Armour
 16259 | Lair:2   | Identified the ring of Existentialism {rElec Int+6 Dex+4}
 16342 | Lair:2   | Noticed a seven-headed hydra
 16348 | Lair:2   | Killed a seven-headed hydra
 16484 | Lair:2   | Noticed a four-headed hydra
 16489 | Lair:2   | Killed a four-headed hydra
 17152 | Lair:3   | Offered knowledge of Dazzling Flash by Vehumet.
 17438 | Lair:3   | Noticed a death yak
 17439 | Lair:3   | Noticed a death yak
 17474 | Lair:3   | Killed a death yak
 17630 | Lair:3   | Noticed a death yak
 17668 | Lair:2   | Killed a death yak
 18055 | Lair:3   | Noticed a death yak
 18075 | Lair:2   | Killed a death yak
 18146 | Lair:3   | Noticed a death yak
 18159 | Lair:3   | Killed a death yak
 18164 | Lair:3   | Reached XP level 13. HP: 93/137 MP: 13/29
 18554 | Lair:3   | Reached skill level 5 in Armour
 18815 | Lair:3   | Reached *** piety under Vehumet
 18816 | Lair:3   | Slain by a bog body

Illustrated notes

Levels and vault maps discovered:
D:1:      dpeg_arrival_tiny_f, layout_basic, hellmonk_ecumenical_altar_blasted,
          serial_co_window_serial, co_window_paths_a, co_window_paths_b,
          co_window_corner_a, co_window_of_opportunity_a, co_window_corner_a,
          co_window_cross_4, co_window_broadway_a, co_window_paths_c,
          co_window_broadway_a, co_window_4corner_b, palyth_stone_intersect,
          patterned_corridor
D:2:      layout_loops_corners
D:3:      layout_loops_ring
D:4:      layout_loops_ring, mainiacjoe_overflow_chevrons, sigmund_army
D:5:      nicolae_cairo_tiling_very_big, layout_loops_cross, okawaru_gym_becter,
          mainiacjoe_overflow_two_lobes, minmay_misc_feat_more_columns,
          minmay_misc_feat_doors
D:6:      layout_loops_ring, nicolae_ossuary_entry_plus, portal_sewer_entry_f,
          hex_medium, nicolae_grassy_gnolls
D:7:      layout_loops_ring, nicolae_qazlal_eye_of_the_storm,
          minmay_temple_entry_mini_moons
D:8:      layout_rooms, serial_corexii_hall, chequers_hall_statues_y,
          chequers_hall_statues_y, corexii_hall_statues_t,
          corexii_hall_statues_l
D:9:      layout_basic, lair_entry_dummy, orc_0_dummy, serial_glass,
          glass_columns_a, glass_columns_a, st_stairs_14
D:10:     layout_basic, nemelex_spade_bored_becter, grunt_temple_overflow_open,
          uniq_snorg, uniq_erica
Temple:   jpeg_temple_alley_garden
Lair:1:   layout_regular_city, chequers_serial_rivers_small_3,
          infiniplex_staircase_pool, lemuel_fruit_fields
Lair:2:   layout_layer_cave, dummy_snake_entry, ebering_ghost_xom,
          chequers_serial_rivers_micro_c, uniq_maggie, uniq_harold, uniq_sonja
Lair:3:   layout_regular_city, skrybe_swamp_entry_bodies

Skill      XL: |  1  2  3  4  5  6  7  8  9 10 11 12 13 |
---------------+----------------------------------------+-----
Earth Magic    | 3 4 5 6 |  6.0
Spellcasting   | 3 4 5 6 8 11 12 | 12.0
Conjurations   | 2 3 5 |  5.0
Fighting       | 2 5 6 9 11 | 11.0
Summonings     | 1 3 5 8 10 12 | 12.6
Armour         | 4 5 |  5.0
Dodging        | |  1.7
Stealth        | |  1.4
Transmutations | |  0.8

Action                   |  1- 3 |  4- 6 |  7- 9 | 10-12 | 13-15 || total
-------------------------+-------+-------+-------+-------+-------++-------
Melee: Unarmed           |     6 |       |       |       |       ||     6
       Spear             |    84 |    66 |       |       |       ||   150
       Staff             |       |       |    11 |       |       ||    11
       Quarterstaff      |       |       |     2 |    20 |     1 ||    23
Throw: Stone             |       |       |     3 |       |       ||     3
 Cast: Sandblast         |    46 |    74 |   100 |    10 |       ||   230
       Stone Arrow       |       |       |    69 |   255 |    25 ||   349
       Call Canine Famil |       |       |       |    12 |       ||    12
       Summon Guardian G |       |       |       |     3 |       ||     3
Evoke: Wand              |       |       |       |     2 |       ||     2
  Use: Potion            |       |     1 |       |     3 |       ||     4
       Scroll            |       |       |    10 |     9 |       ||    19
 Stab: Sleeping          |     5 |       |       |       |       ||     5
Armor: Robe              |    52 |    15 |     6 |    24 |     2 ||    99
       Skin              |       |    15 |       |       |       ||    15
       Troll leather arm |       |       |     5 |    10 |       ||    15
       Swamp dragon scal |       |       |       |       |    11 ||    11
Dodge: Dodged            |    40 |    37 |    29 |    70 |    15 ||   191
